 Dungeon Crawl Stone Soup version 0.28-a0-265-g048bc9fd10 (webtiles) character file.

Game seed: 16787142613668965566

95 Shayle the Ducker (level 4, -2/34 HPs)
             Began as a Djinni Warper on Aug 27, 2021.
             Slain by Crazy Yiuf (10 damage)
             ... on level 3 of the Dungeon.
             The game lasted 00:09:34 (3933 turns).

Shayle the Ducker (Djinni Warper)                   Turns: 3933, Time: 00:09:35

Health: -2/34      AC:  3    Str: 10    XL:     4   Next: 95%
Gold:   79         EV: 12    Int: 15    God:
                   SH:  0    Dex: 13

rFire   + + .      SeeInvis .   p - +0 hand axe (freeze)
rCold   x . .      Faith    .   (no shield)
rNeg    . . .      Spirit   .   a - +0 leather armour
rPois   ∞          Reflect  .   (no helmet)
rElec   .          Harm     .   (no cloak)
rCorr   .          Rampage  .   (no gloves)
Will    .....                   (boots unavailable)
Stlth   +.........              (no amulet)
HPRegen 0.11/turn               (no ring)
MPRegen 0.00/turn               (no ring)

@: flying, very slightly contaminated, invisible
A: sickness immunity, fire resistance 2, cold vulnerability 1, float, innate
caster, hp casting, extra vitality 1
a: no special abilities


You were on level 3 of the Dungeon.
You visited 1 branch of the dungeon, and saw 3 of its levels.

You collected 79 gold pieces.

Inventory:

Hand Weapons
 h - a +0 whip
 p - a +0 hand axe of freezing (weapon)
Missiles
 c - 5 boomerangs of dispersal (quivered)
Armour
 a - a +0 leather armour (worn)
Scrolls
 b - a scroll of blinking
 e - a scroll of vulnerability {unknown}
 g - a scroll of identify {unknown}
 k - 2 scrolls of immolation {unknown}
 m - a scroll of silence {unknown}
Potions
 d - a potion of berserk rage {unknown}
 f - a potion of brilliance {unknown}
 i - a potion of heal wounds {unknown}
 j - 2 potions of invisibility {unknown}
 l - a potion of might {unknown}
 n - a potion of mutation {unknown}
 o - 2 potions of flight {unknown}


   Skills:
 + Level 2.8 Fighting
 - Level 0.7 Throwing
 - Level 1.0 Armour
 + Level 3.2 Dodging
 + Level 2.8 Unarmed Combat
 + Level 2.9 Spellcasting


You couldn't memorise any spells.
You knew the following spells:

 Your Spells              Type           Power      Damage    Failure   Level
a - Blink                 Tloc           N/A        N/A       12%         2
b - Lesser Beckoning      Tloc           5%         N/A       24%         3
c - Gell's Gravitas       Tloc           5%         N/A       24%         3
d - Teleport Other        Tloc           11%        N/A       24%         3
e - Manifold Assault      Tloc           11%        N/A       92%         5
f - Apportation           Tloc           22%        N/A       9%          1
Your spell library was empty.

Dungeon Overview and Level Annotations

Branches:
Dungeon (3/15)

Altars:

Annotations:
D:3 Crazy Yiuf


Innate Abilities, Weirdness & Mutations

You are immune to sickness and miasma.
You are immune to poison.
Your flesh is very heat resistant. (rF++)
You are vulnerable to cold. (rC-)
You float through the air rather than walking.
You learn spells naturally, not from books.
Your magical power is your life essence.
You have superior vitality. (+4 HP)


Message History

You kill the kobold!
Things that are here:
a +0 short sword; a kobold corpse
Found 6 large rocks.
You see here a +0 ring mail.
You see here a +0 ring mail.
k - 2 scrolls labelled FIODYPT QIEWU (gained 1)
Found a mace.
An orc comes into view. It is wielding a +0 hand axe.
The orc shouts!
The orc moves out of view.
The orc closely misses you.
You hit the orc. You freeze the orc.
You kill the orc!
Things that are here:
a +0 hand axe; a +0 leather armour
There is a stone staircase leading up here.
There is an escape hatch in the floor here.
Found a stone staircase leading down.
There is a stone staircase leading up here.
Found a mace.
Found a runed translucent door.
Crazy Yiuf shouts!
You reach down and open the door.
You closely miss Crazy Yiuf.
Crazy Yiuf flaps his cloak.
Crazy Yiuf hits you with a +4 quarterstaff of chaos!
Crazy Yiuf freezes you!
You hit Crazy Yiuf but do no damage.
Crazy Yiuf hits you with a +4 quarterstaff of chaos.
* * * LOW HITPOINT WARNING * * *
You fade into invisibility!
You are very lightly contaminated with residual magic.
Crazy Yiuf closely misses you.
You hit Crazy Yiuf. You freeze Crazy Yiuf.
Crazy Yiuf is moderately wounded.
Crazy Yiuf zaps a wand.
The puff of flame misses you.
You hit Crazy Yiuf. You freeze Crazy Yiuf.
Crazy Yiuf is moderately wounded.
Crazy Yiuf hits you with a +4 quarterstaff of chaos!
You die...

.###.##
##..##
.....# ####
#....#
..#### #..#
#....#
.<.### ##..#
##...#
.#...# #..##
##.##
.###.###..#
##.#
..........#
#.##
#####..#.##
##.#
.........#
#@##
########.#
#g# ..# #..#
...
#.#####.###
#...#
#.........#
#)..#
######..###
#####
###....####
..........#
######.##.##


You could see Crazy Yiuf.

Vanquished Creatures
  An adder (D:2)
  A worm (D:2)
  5 dart slugs
  3 orcs (D:3)
  6 bats
  2 endoplasms (D:2)
  A giant cockroach (D:2)
  6 goblins
  4 hobgoblins (D:1)
  10 jackals
  5 quokkas
  7 ball pythons
  2 frilled lizards (D:2)
  7 kobolds
  3 rats
63 creatures vanquished.

Notes
Turn   | Place    | Note
-------+----------+-------------------------------------------
     0 | D:1      | Shayle the Djinni Warper began the quest for the Orb.
     0 | D:1      | Reached XP level 1. HP: 18/18 MP: 0/0
   434 | D:1      | Reached XP level 2. HP: 23/23 MP: 0/0
  1020 | D:1      | Reached XP level 3. HP: 24/29 MP: 0/0
  1020 | D:1      | Learned a level 1 spell: Apportation
  2154 | D:2      | Reached XP level 4. HP: 32/34 MP: 0/0
  2350 | D:3      | Reached skill level 3 in Dodging
  2970 | D:2      | Found a faded altar of an unknown god.
  3925 | D:3      | Found a runed translucent door.
  3926 | D:3      | Noticed Crazy Yiuf
  3933 | D:3      | Slain by Crazy Yiuf

Illustrated notes

Levels and vault maps discovered:
D:1:      scummos_arrival_gate, layout_basic, st_stairs_12
D:2:      layout_basic, ebering_ecumenical_altar_petrified, minmay_crystal_water
D:3:      layout_rooms, uniq_crazy_yiuf_cottage

Skill      XL: |  1  2  3  4 |
---------------+-------------+-----
Dodging        | 3 |  3.2
Fighting       | |  2.8
Throwing       | |  0.7
Armour         | |  1.0
Unarmed Combat | |  2.8
Spellcasting   | |  2.9

Action                   |  1- 3 |  4- 6 || total
-------------------------+-------+-------++-------
Melee: Unarmed           |    68 |       ||    68
       Club              |    17 |       ||    17
       Whip              |    87 |    91 ||   178
       Hand axe          |       |    24 ||    24
 Stab: Sleeping          |       |     1 ||     1
Armor: Leather armour    |    50 |    37 ||    87
Dodge: Dodged            |   134 |    85 ||   219

Table legend: (Time is in decaauts)
 A = Elapsed time spent in this place.
 B = Non-inter-level travel time spent in this place.
 C = Inter-level travel time spent in this place.
 D = Time resting spent in this place.
 E = Time spent auto-exploring this place.
 F = Levels seen in this place.
 G = Mean time per level.
                   A        B        C        D        E       F      G
               +--------+--------+--------+--------+--------+-----+--------+
         Total |   3960 |   3928 |     32 |    674 |   2512 |   3 | 1320.0 |
       Dungeon |   3960 |   3928 |     32 |    674 |   2512 |   3 | 1320.0 |
               +--------+--------+--------+--------+--------+-----+--------+

Top non-repeatable levels by time:
     D:1: 2243 daAuts
     D:2: 1017 daAuts
     D:3: 698 daAuts
